 Dungeon Crawl Stone Soup version 0.28-a0-984-g3775c662fe (webtiles) character file.

Game seed: 3822327899256405463

13832 snarfax the Basher (level 11, 0/99 HPs)
             Began as a Minotaur Monk on Dec 2, 2021.
             Was an Elder of Yredelemnul.
             Hit by a large rock thrown by a cyclops (25 damage)
             ... on level 10 of the Dungeon on Dec 3, 2021.
             The game lasted 00:49:34 (10490 turns).

snarfax the Basher (Minotaur Monk)                 Turns: 10490, Time: 00:49:35

Health: 0/99       AC: 11    Str: 24    XL:     11   Next: 80%
Magic:  0/13       EV: 12    Int:  7    God:    Yredelemnul [****..]
Gold:   1565       SH:  7    Dex: 13    Spells: 10/10 levels left

rFire   + . .      SeeInvis .   s - +2 flail (vorpal)
rCold   . . .      Faith    .   n - +0 buckler
rNeg    . . .      Spirit   +   y - +3 ring mail "Xudivunk" {Str+4}
rPois   .          Reflect  .   c - +0 hat
rElec   .          Harm     .   d - +0 cloak
rCorr   .          Rampage  .   (no gloves)
Will    +....                   (no boots)
Stlth   +.........              A - amulet of guardian spirit
HPRegen 0.26/turn               f - ring of willpower
MPRegen 0.13/turn               F - ring of protection from fire

@: studying Slings
A: horns 2, retaliatory headbutt
a: Renounce Religion, Recall Undead Slaves, Injury Mirror, Animate Dead, Drain
Life


You were on level 10 of the Dungeon.
You worshipped Yredelemnul.
Yredelemnul was greatly pleased with you.
You visited 2 branches of the dungeon, and saw 11 of its levels.

You collected 1565 gold pieces.

Inventory:

Hand Weapons
 a - a +1 mace
 s - a +2 vorpal flail (weapon)
 t - a +0 morningstar
 B - a +0 vorpal dire flail
 E - a +0 club
 R - a +5 flail
Missiles
 g - 2 boomerangs
 i - 253 stones
 w - 7 javelins
 H - 33 poisoned darts (quivered)
 P - 5 curare-tipped darts
Armour
 c - a +0 hat (worn)
 d - a +0 cloak (worn)
 l - a +0 scale mail
 n - a +0 buckler (worn)
 y - the +3 ring mail "Xudivunk" (worn) {Str+4}
   (You found it on level 5 of the Dungeon)

   Str:       It affects your strength (+4).
 C - a +0 kite shield
Jewellery
 f - a ring of willpower (left hand)
 p - an amulet of regeneration
 r - a +6 ring of intelligence
 A - an amulet of guardian spirit (around neck)
 F - a ring of protection from fire (right hand)
Wands
 q - a wand of digging (1)
 v - a wand of paralysis (9)
 G - a wand of flame (14)
 K - a wand of mindburst (13)
 T - a wand of iceblast (4)
Scrolls
 b - a scroll of amnesia
 h - 4 scrolls of identify
 x - a scroll of teleportation
 I - a scroll of enchant weapon
 J - a scroll of summoning {unknown}
 M - a scroll of vulnerability {unknown}
 O - a scroll of enchant armour {unknown}
 Q - a scroll of brand weapon {unknown}
 S - a scroll of fear {unknown}
Potions
 j - a potion of haste
 k - 2 potions of resistance {unknown}
 m - 2 potions of lignification {unknown}
 o - a potion of ambrosia {unknown}
 u - a potion of curing
 z - a potion of flight {unknown}
 D - 2 potions of degeneration {unknown}
 N - 2 potions of mutation {unknown}
Miscellaneous
 e - a box of beasts (inert)
 L - a tin of tremorstones (1/2)


   Skills:
 - Level 10.0 Fighting
 - Level 14.0 Maces & Flails
 + Level 9.1 Armour
 - Level 3.2 Dodging
 - Level 1.5 Stealth
 * Level 11.7 Shields
 - Level 5.0 Invocations


You had 10 spell levels left.
You didn't know any spells.
Your spell library contained the following spells:

 Spells                   Type           Power      Damage    Failure   Level
 Beastly Appendage        Tmut           0%         N/A       54%         1
 Sublimation of Blood     Necr           0%         N/A       69%         2
 Wereblood                Tmut           0%         N/A       69%         2
 Dazzling Flash           Conj/Hex       0%         N/A       89%         3
 Gell's Gravitas          Tloc           0%         N/A       89%         3
 Teleport Other           Tloc           0%         N/A       89%         3
 Fulminant Prism          Conj/Hex       0%         3d6       100%        4
 Iskenderun's Mystic Bla  Conj/Tloc      0%         2d3       100%        4
 Agony                    Necr           0%         N/A       100%        5
 Iskenderun's Battlesphe  Conj           0%         2d6       100%        5
 Lee's Rapid Deconstruct  Erth           0%         3d5*      100%        5
 Silence                  Hex/Air        0%         N/A       100%        5
 Dispersal                Tloc           0%         N/A       100%        6
 Iron Shot                Conj/Erth      0%         9d1       100%        6
 Spellforged Servitor     Conj/Summ      0%         N/A       100%        7
 Summon Hydra             Summ           0%         N/A       100%        7


Dungeon Overview and Level Annotations

Branches:
Dungeon (10/15)            Temple (1/1) D:6
   Lair: D:8-11         Orc: D:9-12

Altars:
Ashenzari
Cheibriados
Dithmenos
Elyvilon
Fedhas
Gozag
Hepliaklqana
Kikubaaqudgha
Makhleb
Nemelex Xobeh
Okawaru
Qazlal
Ru
Trog
Uskayaw
Vehumet
Wu Jian
Xom
Yredelemnul
Zin
The Shining One

Annotations:
D:5 3 runed translucent doors, enile's ghost, novice OpCj


Innate Abilities, Weirdness & Mutations

You have a pair of horns on your head.
You reflexively headbutt those who attack you in melee.


Message History

The bolt of electricity hits your wight!
Your wight is destroyed!
The bolt of electricity hits you!
The electric eel shoots out a bolt of lightning at you!
The bolt of electricity hits you.
You see here a hound corpse.
The cyclops throws a large rock.
The large rock hits you!
Throw: 34 darts (poison)
Press: ? - help, Q - select action, (/) - cycle Shift-Dir - straight line, f/p - cyclops
Aim: a cyclops, quivering large rocks (87% to hit)
You throw a poisoned dart. The poisoned dart hits the cyclops.
The cyclops is poisoned.
The cyclops throws a large rock.
The large rock hits you!!
* * * LOW HITPOINT WARNING * * *
You open the lid... ...and a juvenile shocksting beast leaps out!
The box is emptied!
The cyclops throws a large rock.
The large rock misses you.
You swap places.
The cyclops throws a large rock.
The large rock hits your juvenile shocksting beast!
Your juvenile shocksting beast bursts into living lightning!
The living lightning hits the cyclops!
Your juvenile shocksting beast blinks!
Found a stone staircase leading down.
Found 8 gold pieces.
You open the door.
Found 19 gold pieces and a scroll of immolation.
There is an open door here.
You close the door.
As you open the door, it creaks loudly!
There is an open door here.
You close the door.
You start resting.
A cyclops opens the door.
The tremorstone explodes into fragments!
The burst of rock shards engulfs the cyclops!
You hear two shouts!
The cyclops throws a large rock.
The large rock hits you!!
You die...
Your body rises from the dead as a mindless zombie.

....≈.†..†......#.#
.........######...#.# ###
######..## ##..#.# #<# #...#
#..#.# # ##.########...#
##.#.###.# ..........#..)#
######.......# ...######.#...#
#....#.......#
##........##.#####....#.......#
...#####.##....@'C...'..>....#
....# #.##.#####....####....#
....# #.##.# #$...# ....#
...######....# #.?..# ....#
.... #......## #....# $..#
#...[..# #....# ..# #......#
#....# ######## #....#


You could see a cyclops.

Vanquished Creatures
  2 centaur warriors
  3 two-headed ogres
  A tengu warrior (D:7)
  A deep elf pyromancer (D:7)
  A manticore (D:7)
  2 cyclopes (D:7)
  An unseen horror (D:7)
  A kobold demonologist (D:7)
  A hornet (D:9)
  3 trolls
  A slime creature (D:7)
  4 wraiths
  6 yaks (D:8)
  A wyvern (D:8)
  A steam dragon (D:6)
  Menkaure (D:7)
  7 water moccasins
  2 orc warriors (D:7)
  A hornet zombie (D:7)
  3 sky beasts
  4 black bears
  4 ice beasts
  2 necrophages
  An ogre (D:4)
  A wolf (D:10)
  A phantom (D:7)
  3 kobold brigands
  A bullfrog (D:8)
  A wyvern zombie (D:6)
  2 gnoll sergeants
  3 scorpions
  8 killer bees (D:9)
  3 wights
  A howler monkey (D:3)
  A bullfrog zombie (D:5)
  A centaur zombie (D:9)
  2 gnoll shamans
  4 hounds
  4 jellies
  2 centaur skeletons
  3 orc priests
  A bullfrog skeleton (D:6)
  2 iguanas
  5 orc wizards
  A killer bee zombie (D:7)
  13 gnolls
  6 adders
  A howler monkey skeleton (D:6)
  3 shadow imps
  4 worms
  A dart slug (D:3)
  15 orcs
  5 ball pythons
  4 endoplasms
  2 giant cockroaches (D:2)
  4 goblins
  4 hobgoblins
  7 jackals
  16 kobolds
  A quokka (D:3)
  2 bats (D:3)
  4 frilled lizards
  4 rats
200 creatures vanquished.

Vanquished Creatures (collateral kills)
  A two-headed ogre (D:8)
  A queen bee (D:9)
  A water moccasin (D:9)
  An orc warrior (D:7)
  A kobold brigand (D:8)
  A bullfrog (D:8)
  A killer bee (D:9)
  2 wights
  A howler monkey (D:7)
  An orc priest (D:7)
  5 kobolds
16 creatures vanquished.

Vanquished Creatures (others)
  3 wights
  A centaur zombie (D:7)
  A troll zombie (D:8)
  A water moccasin zombie (D:8)
  A cyclops zombie (D:7)
  A yak zombie (D:8)
  2 gnoll zombies (D:7)
  5 orc zombies (D:7)
  A scorpion zombie (D:7)
  16 plants
32 creatures vanquished.

Grand Total: 248 creatures vanquished

Notes
Turn   | Place    | Note
-------+----------+-------------------------------------------
     0 | D:1      | snarfax the Minotaur Monk began the quest for the Orb.
     0 | D:1      | Reached XP level 1. HP: 19/19 MP: 0/0
   221 | D:1      | Reached skill level 4 in Maces & Flails
   381 | D:1      | Reached XP level 2. HP: 26/26 MP: 1/1
   898 | D:2      | Reached skill level 5 in Maces & Flails
  1074 | D:2      | Reached XP level 3. HP: 29/31 MP: 2/2
  1318 | D:2      | Identified a scroll of acquirement
  1318 | D:2      | Acquired 1000 gold pieces
  1451 | D:2      | Found a faded altar of an unknown god.
  2039 | D:3      | Reached skill level 6 in Maces & Flails
  2039 | D:3      | Reached XP level 4. HP: 39/39 MP: 3/3
  2448 | D:3      | Reached XP level 5. HP: 44/45 MP: 4/4
  2648 | D:3      | Reached skill level 7 in Maces & Flails
  2992 | D:4      | Noticed a necrophage
  2997 | D:4      | Killed a necrophage
  3039 | D:4      | Reached skill level 8 in Maces & Flails
  3113 | D:4      | Noticed a black bear
  3204 | D:4      | Noticed a black bear
  3218 | D:4      | Killed a black bear
  3219 | D:4      | Reached XP level 6. HP: 44/51 MP: 5/5
  3288 | D:4      | Reached skill level 9 in Maces & Flails
  3639 | D:5      | Entered Level 5 of the Dungeon
  3653 | D:5      | Noticed a sky beast
  3662 | D:4      | Reached XP level 7. HP: 15/57 MP: 6/6
  3815 | D:5      | Reached skill level 10 in Maces & Flails
  3901 | D:5      | Reached skill level 11 in Maces & Flails
  4088 | D:5      | Found a runed translucent gate.
  4088 | D:5      | Found a runed translucent gate.
  4088 | D:5      | Found a runed translucent gate.
  4089 | D:5      | Found an opulent altar of Gozag.
  4098 | D:5      | Identified the +3 ring mail "Xudivunk" {Str+4}
  4118 | D:5      | Noticed a wraith
  4119 | D:5      | Noticed enile's ghost (novice OpCj)
  4134 | D:5      | Reached XP level 8. HP: 61/64 MP: 7/7
  4532 | D:5      | Reached skill level 12 in Maces & Flails
  4954 | D:6      | Reached skill level 1 in Armour
  5041 | D:6      | Reached skill level 1 in Shields
  5317 | D:6      | Found a staircase to the Ecumenical Temple.
  5331 | Temple   | Entered the Ecumenical Temple
  5370 | Temple   | Became a worshipper of Yredelemnul the Dark
  5370 | Temple   | Reached * piety under Yredelemnul
  5370 | Temple   | Reached ** piety under Yredelemnul
  5467 | D:6      | Reached skill level 13 in Maces & Flails
  5801 | D:7      | Reached skill level 1 in Invocations
  5873 | D:7      | Reached XP level 9. HP: 73/73 MP: 8/8
  6150 | D:7      | Reached skill level 5 in Fighting
  6194 | D:7      | Noticed a cyclops
  6208 | D:7      | Killed a cyclops
  6302 | D:7      | Noticed a manticore
  6317 | D:7      | Killed a manticore
  6318 | D:7      | Reached skill level 14 in Maces & Flails
  6334 | D:7      | Killed an unseen horror
  6405 | D:7      | Reached skill level 5 in Armour
  6405 | D:7      | Reached skill level 5 in Shields
  6415 | D:7      | Reached XP level 10. HP: 43/84 MP: 9/11
  6455 | D:7      | Noticed a centaur warrior
  6459 | D:7      | Noticed a deep elf pyromancer
  6463 | D:7      | Killed a centaur warrior
  6473 | D:7      | Killed a deep elf pyromancer
  6474 | D:7      | Noticed a cyclops
  6495 | D:7      | Killed a cyclops
  6517 | D:7      | Noticed a tengu warrior
  6541 | D:7      | Reached *** piety under Yredelemnul
  6900 | D:7      | Upgraded the game from 0.28-a0-983-g1de4e0787c to
                  | 0.28-a0-984-g3775c662fe
  6962 | D:7      | Noticed Menkaure
  6969 | D:7      | Killed Menkaure
  7104 | D:7      | Reached skill level 5 in Invocations
  7177 | D:7      | HP: 2/88 [tengu warrior (20)]
  7184 | D:7      | Killed a tengu warrior
  7564 | D:7      | Got Volomi Zicso's Volume of Shifting Orientation
  7772 | D:7      | You fall into a shaft and drop 2 floors!
  7929 | D:7      | Reached XP level 11. HP: 95/95 MP: 13/13
  8065 | D:8      | Noticed a two-headed ogre
  8333 | D:8      | Noticed a two-headed ogre
  8347 | D:8      | Killed a two-headed ogre
  8404 | D:8      | Received a gift from Yredelemnul (a wight)
  8414 | D:8      | Killed a two-headed ogre
  8415 | D:8      | Reached skill level 10 in Shields
  9163 | D:9      | Received a gift from Yredelemnul (a wight)
  9273 | D:9      | Noticed a two-headed ogre
  9284 | D:9      | Killed a two-headed ogre
  9491 | D:9      | Noticed a two-headed ogre
  9501 | D:9      | Killed a two-headed ogre
  9719 | D:9      | Reached **** piety under Yredelemnul
 10209 | D:10     | Entered Level 10 of the Dungeon
 10227 | D:10     | Noticed a centaur warrior
 10236 | D:10     | Killed a centaur warrior
 10439 | D:10     | Reached skill level 10 in Fighting
 10439 | D:10     | Received a gift from Yredelemnul (a wight)
 10490 | D:10     | Hit by a large rock thrown by a cyclops

Illustrated notes

Levels and vault maps discovered:
D:1:      minmay_arrival_glassed_features, layout_basic
D:2:      layout_loops_cross, ebering_ecumenical_altar_hall,
          minmay_misc_feat_secret_circle
D:3:      layout_basic
D:4:      layout_cave_pools
D:5:      layout_cave_pools, ebering_ghost_gozag
D:6:      layout_basic, minmay_temple_entry_glassed_door, supply_closet_lemuel,
          due_unseen_surprise
D:7:      nzn_winding_woodlands_large [nzn_winding_woodlands_5x5_checkerboard,
          nzn_winding_woodlands_5x15_crooked, nzn_winding_woodlands_5x5_default,
          nzn_winding_woodlands_center_triple_pond,
          nzn_winding_woodlands_15x15_thick_spiral,
          nzn_winding_woodlands_center_garden,
          nzn_winding_woodlands_5x5_closed_star,
          nzn_winding_woodlands_5x15_longhouse,
          nzn_winding_woodlands_5x5_open_star], layout_basic,
          amcnicky_mini_pool_medium, uniq_menkaure
D:8:      layout_cave_pools, minmay_manual_mail
D:9:      layout_long_grid, chequers_jeans, nicolae_looking_at_the_future
D:10:     layout_basic, amcnicky_altar_gilded, erik_lair_island, serial_shops,
          nicolae_shop_bloodbath_and_beyond, minmay_statue_bubble, uniq_maurice
Temple:   nicolae_temple_the_god_donut

Skill      XL: |  1  2  3  4  5  6  7  8  9 10 11 |
---------------+----------------------------------+-----
Maces & Flails | 4 5 6 8 9 11 13 14 | 14.0
Armour         | 2 5 7 9 |  9.1
Fighting       | 4 6 8 10 | 10.0
Shields        | 2 5 8 11 | 11.7
Invocations    | 1 3 5 |  5.0
Dodging        | |  3.2
Stealth        | |  1.5

Action                   |  1- 3 |  4- 6 |  7- 9 | 10-12 || total
-------------------------+-------+-------+-------+-------++-------
Melee: Mace              |    65 |    92 |       |       ||   157
       Headbutt          |    12 |    20 |    40 |    57 ||   129
       Flail             |       |    13 |   180 |   234 ||   427
Throw: Stone             |    25 |    26 |    14 |       ||    65
       Dart              |       |       |    25 |    51 ||    76
       Javelin           |       |       |     2 |       ||     2
       Boomerang         |       |       |     4 |    24 ||    28
       Throwing net      |       |       |       |     1 ||     1
Invok: Animate Remains   |       |       |    10 |     2 ||    12
       Animate Dead      |       |       |       |     8 ||     8
Evoke: Wand              |       |       |       |     1 ||     1
       Box of beasts     |       |       |       |     1 ||     1
       Tin of tremorston |       |       |       |     1 ||     1
  Use: Scroll            |     5 |     7 |     2 |     1 ||    15
       Potion            |       |       |     1 |     8 ||     9
 Stab: Sleeping          |     1 |       |       |       ||     1
       Distracted        |       |       |     1 |     1 ||     2
Armor: Robe              |     8 |       |       |       ||     8
       Leather armour    |     5 |       |       |       ||     5
       Scale mail        |     3 |    38 |    11 |       ||    52
       Ring mail         |       |       |    57 |    70 ||   127
Dodge: Dodged            |    35 |    48 |    76 |   108 ||   267
Block: Buckler           |       |       |    16 |    58 ||    74

Table legend: (Time is in decaauts)
 A = Elapsed time spent in this place.
 B = Non-inter-level travel time spent in this place.
 C = Inter-level travel time spent in this place.
 D = Time resting spent in this place.
 E = Time spent auto-exploring this place.
 F = Levels seen in this place.
 G = Mean time per level.
                   A        B        C        D        E       F      G
               +--------+--------+--------+--------+--------+-----+--------+
         Total |  10403 |  10072 |    331 |   2531 |   5333 |  11 |  945.7 |
       Dungeon |  10328 |   9997 |    331 |   2531 |   5315 |  10 | 1032.8 |
        Temple |     74 |     74 |      0 |      0 |     18 |   1 |   74.0 |
               +--------+--------+--------+--------+--------+-----+--------+

Top non-repeatable levels by time:
     D:7: 2171 daAuts
     D:9: 1337 daAuts
     D:3: 1315 daAuts
     D:5: 1063 daAuts
     D:1: 878 daAuts
     D:8: 871 daAuts
     D:4: 831 daAuts
     D:6: 794 daAuts
     D:2: 791 daAuts
    D:10: 274 daAuts
  Temple: 74 daAuts
